AoeStats
← Lukes11

Black Forest

504566274Analyzed
4v4 RM · 27d ago on Sep 5, 2026· 55m 17s· 8 players
Game mode
Random Map
Map size
Large (8 player)
Population
200
Speed
Normal
Resources
Standard
Victory
Conquest
Starting age
Dark Age
Ending age
Imperial Age
RankedLock teamsTeams togetherTeam positionsShared explorationLock speedFull tech treeHidden civsTurbo modeCheats
Victory
Defeat
🇵🇹 Portuguese · Portugal
775
+13
🇹🇷 Slavs · Türkiye
740
+14
🇺🇸 Turks · United States
734
+14
🇲🇽 Sicilians · Mexico
716
+15
🇺🇸 Khmer · United States
772
-16
🇨🇿 Persians · Czechia
756
-16
🇨🇳 Khitans · China
715
-15
555
-9
lIlKIKOlIl
0:27 Loom
0:30 Loom
11:56 Feudal Age
13:30 Wheelbarrow
12:37 Horse Collar
12:48 Double-Bit Axe
18:40 Town Watch
21:17 Castle Age
22:56 Bow Saw
23:05 Caravan
24:23 Heavy Plow
27:09 Hand Cart
31:35 Gold Mining
31:39 Stone Mining
31:39 Fishing Lines
35:22 Imperial Age
33:55 Gold Shaft Mining
33:34 Forging
33:25 Scale Mail Armor
33:49 Detinets
34:56 Iron Casting
35:15 Chain Mail Armor
34:53 Gillnets
34:31 Man-at-Arms
35:14 Squires
35:21 Town Patrol
35:28 Long Swordsman
36:09 Two-Handed Swordsman
37:53 Blast Furnace
37:23 Plate Mail Armor
37:17 Conscription
37:33 Hoardings
38:18 Two-Man Saw
37:53 Crop Rotation
37:50 Fletching
37:22 Champion
39:18 Fortified Wall
39:19 Masonry
39:30 Ballistics
39:06 Murder Holes
44:08 Chemistry
43:14 Siege Engineers
43:00 Guard Tower
43:20 Careening
43:21 Clinker Construction
53:02 Bodkin Arrow
53:42 Elite Boyar
54:24 Druzhina
53:51 Elite Boyar
54:44 Bloodlines
54:34 Husbandry
54:44 Scale Barding Armor
55:53 Chain Barding Armor
fernandojrz.0312
0:34 Loom
13:02 Feudal Age
14:20 Wheelbarrow
13:32 Double-Bit Axe
14:55 Gold Mining
24:03 Castle Age
24:49 Forging
24:40 Scale Mail Armor
25:19 Hand Cart
25:16 Bow Saw
30:50 Chain Mail Armor
31:10 Iron Casting
31:32 Gold Shaft Mining
30:52 Stone Mining
30:26 Pikeman
36:46 Imperial Age
34:41 Caravan
36:51 Stone Shaft Mining
37:33 Hauberk
37:12 Elite Serjeant
38:16 Conscription
37:50 Capped Ram
37:52 Heavy Scorpion
39:03 Siege Ram
39:31 Halberdier
40:11 Squires
43:24 Blast Furnace
42:55 Plate Mail Armor
AzureMan
0:33 Loom
12:54 Feudal Age
14:14 Wheelbarrow
13:43 Double-Bit Axe
16:36 Town Watch
19:48 Castle Age
18:32 Fletching
20:24 Bodkin Arrow
20:47 Hand Cart
20:16 Horse Collar
21:05 Heavy Plow
23:44 Bow Saw
26:01 Gold Mining
27:58 Gold Shaft Mining
27:47 Stone Mining
34:51 Imperial Age
32:49 Town Patrol
32:43 Treadmill Crane
33:11 Padded Archer Armor
33:47 Ballistics
33:25 Murder Holes
35:32 Artillery
36:55 Two-Man Saw
37:47 Conscription
40:52 Hoardings
39:38 Elite Janissary
41:53 Masonry
41:54 Fortified Wall
44:51 Leather Archer Armor
44:38 Bracer
46:43 Sipahi
49:53 Sanctity
49:44 Fervor
50:10 Theocracy
51:44 Husbandry
51:55 Bloodlines
yenepu
0:28 Loom
12:28 Feudal Age
13:00 Double-Bit Axe
13:47 Horse Collar
16:12 Fishing Lines
23:25 Castle Age
22:07 Wheelbarrow
24:59 Bow Saw
24:51 Heavy Plow
24:59 Gillnets
26:21 Treadmill Crane
26:37 Gold Mining
26:40 Stone Mining
33:54 Imperial Age
32:06 Hand Cart
32:15 Ballistics
32:00 Padded Archer Armor
32:54 Caravan
34:21 Stone Shaft Mining
34:11 Murder Holes
35:44 Chemistry
35:13 Conscription
36:32 Two-Man Saw
36:12 Arquebus
37:02 Crop Rotation
37:59 Leather Archer Armor
37:35 Fletching
38:21 Siege Engineers
39:13 Ring Archer Armor
39:16 Coinage
39:31 Pikeman
39:57 Arson
40:13 Bodkin Arrow
40:29 Forging
40:19 Scale Mail Armor
41:03 Elite Skirmisher
42:34 Bracer
43:10 Iron Casting
42:50 Chain Mail Armor
51:51 Fortified Wall
51:52 Masonry
52:47 Blast Furnace
52:18 Plate Mail Armor
51:54 Scale Barding Armor
52:21 Banking
52:02 Guilds
51:41 Town Watch
51:34 Elite Organ Gun
52:14 Circumnavigation
51:46 Sappers
51:45 Halberdier
51:45 Man-at-Arms
52:11 Gambesons
51:49 Crossbowman
52:34 Thumb Ring
51:51 Onager
51:51 Capped Ram
56:15 Chain Barding Armor
Dara_Shikoh
0:30 Loom
18:22 Feudal Age
27:24 Castle Age
25:46 Double-Bit Axe
25:47 Horse Collar
27:14 Stone Mining
29:29 Bow Saw
31:13 Heavy Plow
39:31 Wheelbarrow
40:09 Light Cavalry
40:59 Bloodlines
42:50 Forging
42:45 Scale Barding Armor
53:30 Imperial Age
57:07 Imperial Age
Lukes11
13:06 Feudal Age
14:53 Wheelbarrow
17:47 Castle Age
15:40 Loom
16:21 Double-Bit Axe
16:29 Horse Collar
18:52 Wheelbarrow
20:38 Padded Archer Armor
21:05 Bow Saw
22:23 Town Watch
22:59 Hand Cart
25:07 Elite Skirmisher
26:43 Fishing Lines
28:11 Squires
29:26 Heavy Plow
29:44 Leather Archer Armor
29:20 Fletching
31:45 Town Patrol
31:34 Pikeman
37:37 Imperial Age
36:56 Ballistics
37:14 Elite War Elephant
39:06 Chemistry
38:15 Scale Barding Armor
38:21 Forging
38:41 Ring Archer Armor
38:12 Scale Mail Armor
38:10 Bodkin Arrow
37:47 Capped Ram
38:31 Sappers
39:22 Conscription
39:54 Halberdier
42:03 Crop Rotation
42:35 Two-Man Saw
43:29 Iron Casting
43:09 Chain Mail Armor
43:00 Scale Barding Armor
45:45 Arson
46:09 Imperial Skirmisher
ᴮᵃᵈᴮᵒʸ★Nelly★
10:38 Feudal Age
11:20 Horse Collar
15:49 Castle Age
14:59 Loom
15:44 Double-Bit Axe
16:57 Town Watch
19:50 Wheelbarrow
22:56 Heavy Plow
23:11 Bow Saw
24:06 Gold Mining
26:34 Hand Cart
27:27 Stone Mining
28:30 Stone Shaft Mining
28:00 Husbandry
29:06 Town Patrol
32:56 Imperial Age
32:45 Scale Barding Armor
32:41 Scale Mail Armor
32:53 Forging
32:33 Fletching
32:44 Padded Archer Armor
35:46 Chemistry
35:07 Ballistics
35:12 Chain Barding Armor
35:07 Chain Mail Armor
34:17 Cavalier
34:37 Pikeman
35:18 Squires
36:09 Crop Rotation
35:51 Murder Holes
36:06 Fortified Wall
35:58 Bodkin Arrow
36:39 Iron Casting
39:22 Paper Money
38:29 Elite Rattan Archer
42:34 Two-Man Saw
42:25 Plate Barding Armor
42:20 Plate Mail Armor
42:16 Guilds
43:34 Hoardings
44:25 Leather Archer Armor
Mnemosye_
12:37 Feudal Age
13:31 Domestication
13:41 Double-Bit Axe
21:09 Castle Age
18:58 Loom
23:26 Pastoralism
23:40 Bow Saw
24:08 Stone Mining
24:13 Gold Mining
26:25 Wheelbarrow
27:08 Stone Shaft Mining
28:04 Scale Mail Armor
29:04 Town Watch
32:25 Imperial Age
31:01 Scale Mail Armor
31:15 Forging
31:30 Ballistics
31:14 Murder Holes
32:11 Squires
32:01 Arson
33:22 Iron Casting
32:39 Fletching
35:15 Hand Cart
35:15 Siege Engineers
35:09 Bodkin Arrow
36:31 Two-Man Saw
36:07 Transhumance
36:55 Conscription
37:44 Bracer
37:58 Masonry
39:02 Chemistry
38:16 Husbandry
39:10 Elite Fire Lancer
42:01 Caravan
43:10 Chain Mail Armor
45:06 Heavy Rocket Cart
47:42 Town Patrol
Connection lost

Rejoining the realm…

Still unreachable

The connection could not be restored.

Session expired

The server has moved on; the page needs a fresh start.